 Dungeon Crawl Stone Soup version 0.22-a0-611-g46e8f3c735 (webtiles) character file.

6188 MirrMurr the Fighter (level 11, -1/106 HPs)
             Began as a Kobold Berserker on July 11, 2018.
             Was an Elder of Trog.
             Slain by a troll (14 damage)
             ... on level 12 of the Dungeon.
             The game lasted 00:25:36 (9507 turns).

MirrMurr the Fighter (Kobold Berserker)             Turns: 9507, Time: 00:25:37

Health: -1/106     AC: 11    Str: 22    XL:     11   Next: 14%
Magic:  11/11      EV: 10    Int:  9    God:    Trog [****..]
Gold:   586        SH: 13    Dex: 15    Spells: 10/10 levels left

rFire    . . .     SeeInvis .   a - +0 scimitar (slice)
rCold    . . .     Gourm    .   z - +2 shield
rNeg     . . .     Faith    .   l - +0 chain mail
rPois    +         Spirit   .   M - +0 helmet
rElec    .         Reflect  .   (no cloak)
rCorr    .         Harm     .   c - +0 pair of gloves
MR       .....                  (no boots)
Stlth    ..........             u - amulet of regeneration
HPRegen  0.67/turn              e - ring of poison resistance
MPRegen  0.12/turn              (no ring)

@: berserking, drained, very quick
A: small, carnivore
a: Berserk, Trog's Hand, Brothers in Arms, Renounce Religion


You were on level 12 of the Dungeon.
You worshipped Trog.
Trog was greatly pleased with you.
You were very full.

You visited 2 branches of the dungeon, and saw 11 of its levels.

You collected 586 gold pieces.

Inventory:

Hand Weapons
 a - a +0 scimitar of slicing (weapon)
 b - the +7 hunting sling of Unpleasantness {flame, MR+}
   (You found it on level 4 of the Dungeon)

   It causes projectiles fired from it to burn those they strike, causing extra
   injury to most foes and up to half again as much damage against particularly
   susceptible opponents.
   It affects your resistance to hostile enchantments.
 q - a +0 blowgun
 w - a +0 scimitar of flaming
 H - a +1 dagger of venom
Missiles
 d - 226 stones
 j - 112 sling bullets
 k - 13 tomahawks
 o - 8 curare-tipped needles
 p - 34 poisoned needles
 v - a throwing net (quivered) {!f}
Armour
 c - a +0 pair of gloves (worn)
 l - a +0 chain mail (worn)
 y - a +0 plate armour
 z - a +2 shield (worn)
 M - a +0 helmet (worn)
Jewellery
 e - a ring of poison resistance (left hand)
 u - an amulet of regeneration (around neck)
Wands
 D - a wand of flame (32)
 K - a wand of digging (14)
Scrolls
 i - 5 scrolls of fog
 r - 4 scrolls of remove curse
 A - a scroll of magic mapping
 E - 4 scrolls of teleportation
 F - a scroll of vulnerability {unknown}
 I - a scroll of silence {unknown}
 J - a scroll of identify
Potions
 f - a potion of might {unknown}
 g - 6 potions of curing
 h - a potion of berserk rage {unknown}
 m - 3 potions of invisibility
 n - 3 potions of resistance
 s - 3 potions of degeneration {unknown}
 t - a potion of flight
 x - 2 potions of brilliance {unknown}
 B - 2 potions of heal wounds
 G - a potion of lignification {unknown}
 L - a potion of agility {unknown}
 N - 2 potions of magic {unknown}
Comestibles
 C - 16 rations
 O - a chunk of flesh


   Skills:
 + Level 9.0(8.8) Fighting
 - Level 8.1(10.1) Short Blades
 * Level 6.4(7.0) Long Blades
 + Level 6.4(6.2) Slings
 - Level 3.2(3.0) Armour
 - Level 4.7(4.5) Dodging
 + Level 5.5(5.3) Shields


You had 10 spell levels left.
You didn't know any spells.
Your spell library was empty.

Dungeon Overview and Level Annotations

Branches:
Dungeon (9/15)             Temple (1/1) D:7            Lair (0/6) D:8
    Orc: D:9-12

Altars:
Cheibriados
Dithmenos
Elyvilon
Kikubaaqudgha
Makhleb
Qazlal
Sif Muna
Uskayaw
Vehumet
The Shining One

Shops:
D:5 [   D:12 =

Annotations:
D:7 exclusion: 2 doors
D:9 3 runed doors, mrsnowman's ghost, novice DsCK


Innate Abilities, Weirdness & Mutations

You are small and have problems with some larger weapons.
You are carnivorous and can eat meat at any time.


Message History

You closely miss the troll. The troll misses you.
You block the troll's attack. x2
The cyan ugly thing barely misses you.
You slice the troll!!
The troll is heavily wounded.
You block the troll's attack. The troll claws you.
* * * LOW HITPOINT WARNING * * *
The troll claws you!
* * * LOW HITPOINT WARNING * * *
You block the cyan ugly thing's attack.
You closely miss the cyan ugly thing.
The cyan ugly thing is moderately wounded.
The troll barely misses you.
You riposte.
You barely miss the troll.
The troll is heavily wounded.
The troll closely misses you. The troll claws you!
* * * LOW HITPOINT WARNING * * *
The cyan ugly thing stings you but does no damage.
You slash the cyan ugly thing!
The cyan ugly thing is heavily wounded.
The troll bites you!
You die...

......................
......................
##..###..............
#..# #.............
#..# #.........# #..#
#.........# #..#
#..#####..# #.. #..#
#..####..# #..#
#..@T....# ...#
#...u....# ....#
#........# ####.
#...####### #!..#
#...# #...# #...


You could see a cyan ugly thing and a troll.

Vanquished Creatures
  Erica (D:8)
  Joseph (D:8)
  Grinder (D:3)
  A hornet (D:9)
  2 hippogriffs
  A shadow (D:7)
  Menkaure (D:7)
  3 porcupines
  3 sky beasts
  A black bear (D:5)
  4 orc warriors
  A phantom (D:7)
  An ice beast (D:5)
  A necrophage (D:8)
  2 centaurs
  3 ogres
  A big kobold (D:9)
  2 bullfrogs
  A gnoll sergeant (D:6)
  5 scorpions
  3 killer bees (D:8)
  12 wights
  2 howler monkeys
  An electric eel (D:6)
  4 crimson imps
  A bullfrog skeleton (D:5)
  A jelly (D:6)
  A bullfrog zombie (D:9)
  2 hounds
  8 orc priests
  2 iguanas
  4 worker ants
  11 orc wizards
  A killer bee zombie (D:8)
  6 adders
  5 gnolls
  A howler monkey skeleton (D:6)
  A shadow imp (D:6)
  An ooze (D:1)
  2 worms (D:3)
  4 leopard geckos
  34 orcs
  10 bats
  2 giant cockroaches
  14 goblins
  9 hobgoblins
  6 jackals
  18 kobolds
  2 quokkas
  3 frilled lizards (D:1)
  4 rats
211 creatures vanquished.

Vanquished Creatures (others)
  8 fungi (D:8)
8 creatures vanquished.

Grand Total: 219 creatures vanquished

Notes
Turn   | Place    | Note
-------+----------+-------------------------------------------
     0 | D:1      | MirrMurr the Kobold Berserker began the quest for the Orb.
     0 | D:1      | Reached XP level 1. HP: 14/14 MP: 1/1
    50 | D:1      | Reached XP level 2. HP: 9/19 MP: 2/2
   583 | D:1      | Reached XP level 3. HP: 23/23 MP: 3/3
   727 | D:1      | Reached ** piety under Trog
  1328 | D:2      | Reached skill level 5 in Short Blades
  1328 | D:2      | Reached XP level 4. HP: 29/29 MP: 4/4
  2580 | D:3      | Reached skill level 4 in Fighting
  2580 | D:3      | Reached XP level 5. HP: 12/33 MP: 5/5
  3012 | D:3      | Reached XP level 6. HP: 38/38 MP: 6/6
  3399 | D:3      | Noticed Grinder
  3437 | D:3      | Killed Grinder
  3437 | D:3      | Reached XP level 7. HP: 44/44 MP: 7/7
  3536 | D:3      | Found a white marble altar of Elyvilon.
  3536 | D:3      | Found a snail-covered altar of Cheibriados.
  3542 | D:3      | Found a faded altar of an unknown god.
  3544 | D:3      | Found a burning altar of Makhleb.
  3546 | D:3      | Found a stormy altar of Qazlal.
  3673 | D:3      | Reached *** piety under Trog
  4079 | D:4      | Got a twisted hunting sling
  4080 | D:4      | Identified the +7 hunting sling of Unpleasantness {flame, MR+} (You found it on level 4 of the Dungeon)
  4286 | D:4      | Reached skill level 5 in Fighting
  4286 | D:4      | Reached skill level 1 in Slings
  4398 | D:4      | Reached XP level 8. HP: 40/49 MP: 8/8
  4606 | D:5      | Entered Level 5 of the Dungeon
  4862 | D:5      | Reached skill level 1 in Shields
  5191 | D:5      | Found Juavuq's Armour Boutique.
  5426 | D:5      | Reached skill level 1 in Long Blades
  5573 | D:6      | Found a shadowy altar of Dithmenos.
  5880 | D:6      | Reached skill level 6 in Fighting
  5951 | D:6      | Reached XP level 9. HP: 47/55 MP: 9/9
  5996 | D:6      | Reached **** piety under Trog
  6204 | D:7      | Noticed Menkaure
  6379 | D:7      | Found a staircase to the Ecumenical Temple.
  6472 | Temple   | Entered the Ecumenical Temple
  6518 | D:7      | Received a gift from Trog
  6568 | D:6      | Reached skill level 5 in Slings
  6814 | D:7      | Found a radiant altar of Vehumet.
  6845 | D:7      | Found an ancient bone altar of Kikubaaqudgha.
  6846 | D:7      | Found a deep blue altar of Sif Muna.
  6994 | D:7      | Reached skill level 7 in Fighting
  7028 | D:7      | Killed Menkaure
  7297 | D:7      | Reached XP level 10. HP: 59/63 MP: 10/10
  7872 | D:8      | Reached skill level 8 in Fighting
  7988 | D:8      | Noticed Joseph
  8000 | D:8      | Killed Joseph
  8000 | D:8      | Reached skill level 5 in Long Blades
  8341 | D:8      | Noticed Erica
  8352 | D:8      | Killed Erica
  8352 | D:8      | Reached skill level 5 in Shields
  8532 | D:8      | Found a staircase to the Lair.
  8871 | D:8      | Found a glowing golden altar of the Shining One.
  8937 | D:9      | Found a runed gate.
  8937 | D:9      | Found a runed gate.
  8937 | D:9      | Found a runed gate.
  8937 | D:9      | Noticed mrsnowman's ghost (novice DsCK)
  8952 | D:9      | Found a hide-covered altar of Uskayaw.
  8956 | D:9      | Noticed a dagger
  8956 | D:9      | Noticed a hand axe
  8969 | D:9      | Reached XP level 11. HP: 64/69 MP: 11/11
  9009 | D:9      | Received a gift from Trog
  9372 | D:9      | You fall through a shaft for 3 floors!
  9427 | D:12     | Found Oguedak's Jewellery Shop.
  9447 | D:12     | Reached skill level 9 in Fighting
  9496 | D:12     | Noticed a cyan ugly thing
  9507 | D:12     | Slain by a troll

Vault maps used:
D:1:      grunt_arrival_lava_bath, minmay_splitting_lines
D:2:      minmay_strange_pillars
D:3:      chequers_temple_overflow_minitemple, uniq_grinder
D:5:      first_ration, serial_shops, shop_coins
D:6:      lemuel_doored_altar, kennysheep_opposing_triangles
D:7:      kennysheep_big_flooded_room, grunt_temple_overflow_magic_moments,
          minmay_temple_entry_butterflies, uniq_menkaure
D:8:      kennysheep_mini, grunt_lair_entry_orc_guard_hut, uniq_joseph,
          uniq_erica
D:9:      dancing_weapons_uskayaw, gammafunk_ghost_necromancy
D:12:     serial_shops, shop, hangedman_fish_farm
Temple:   minmay_temple_bridge_abc

Skill      XL: |  1  2  3  4  5  6  7  8  9 10 11 |
---------------+----------------------------------+-----
Armour         | 2 3 |  3.2
Dodging        | 3 4 |  4.7
Short Blades   | 5 6 7 8 |  8.1
Fighting       | 4 5 6 7 8 9 |  9.0
Slings         | 1 3 5 6 |  6.4
Shields        | 2 4 5 |  5.5
Long Blades    | 1 3 6 |  6.4

Action                   |  1- 3 |  4- 6 |  7- 9 | 10-12 || total
-------------------------+-------+-------+-------+-------++-------
Melee: Short sword       |   147 |    28 |       |       ||   175
       Dagger            |       |    95 |   169 |       ||   264
       Scimitar          |       |       |    45 |   222 ||   267
       Long sword        |       |       |    13 |       ||    13
 Fire: Hunting sling     |       |    72 |   176 |    57 ||   305
Invok: Trog's Hand       |       |     4 |     3 |     2 ||     9
       Berserk           |       |       |     5 |     4 ||     9
  Use: Scroll            |       |     6 |     9 |       ||    15
  Eat: Chunk             |    10 |     7 |    17 |    13 ||    47
Armor: Animal skin       |     3 |       |       |       ||     3
       Ring mail         |    44 |     5 |       |       ||    49
       Chain mail        |       |    39 |    88 |   119 ||   246
Dodge: Dodged            |   117 |    47 |    68 |   114 ||   346
Block: Shield            |       |       |   123 |   209 ||   332
       Rpst.: Scimitar   |       |       |     4 |    27 ||    31
       Long sword        |       |       |     1 |       ||     1

Table legend:
 A = Spawn XP
 B = Non-spawn XP
 C = Spawn XP percentage of total XP
 D = Spawn monster count
 E = Non-spawn monster count
 F = Spawn count percentage of total count
 G = Total turns spent on level
                    A         B        C        D         E        F      G
               +---------+---------+-------+---------+---------+-------+---------
         Total |       0 |    8840 |   0.0 |       0 |     211 |   0.0 |  9507
               +---------+---------+-------+---------+---------+-------+---------
           D:1 |       0 |      59 |   0.0 |       0 |      30 |   0.0 |  1320
           D:2 |       0 |      46 |   0.0 |       0 |      14 |   0.0 |  1043
           D:3 |       0 |     530 |   0.0 |       0 |      34 |   0.0 |  1472
           D:4 |       0 |     404 |   0.0 |       0 |      11 |   0.0 |   781
           D:5 |       0 |     388 |   0.0 |       0 |      14 |   0.0 |   753
           D:6 |       0 |    1034 |   0.0 |       0 |      22 |   0.0 |  1315
           D:7 |       0 |    2107 |   0.0 |       0 |      31 |   0.0 |  1236
           D:8 |       0 |    3134 |   0.0 |       0 |      31 |   0.0 |  1015
           D:9 |       0 |     673 |   0.0 |       0 |      19 |   0.0 |   435
          D:12 |       0 |     465 |   0.0 |       0 |       5 |   0.0 |   135
               +---------+---------+-------+---------+---------+-------+---------
